 Dungeon Crawl Stone Soup version 0.19-a0-465-g1d1674b (webtiles) character file.

81 Skanax the Grave Robber (level 4, 0/30 HPs)
             Began as a Demonspawn Necromancer on June 3, 2016.
             Slain by Robin
             ... wielding a +10 club
              (6 damage)
             ... on level 2 of the Dungeon.
             The game lasted 00:07:23 (1479 turns).

Skanax the Grave Robber (Demonspawn Necromancer)    Turns: 1479, Time: 00:07:24

Health: 0/30       AC:  5    Str:  9    XL:     4   Next: 20%
Magic:  0/8        EV: 12    Int: 17    God:
Gold:   69         SH:  0    Dex: 13    Spells: 3 memorised, 3 levels left

rFire  . . .     SeeInvis .     f - +0 dagger
rCold  . . .     Gourm    .     a - +0 robe
rNeg   . . .     Faith    .     (no shield)
rPois  .         Spirit   +     (helmet restricted)
rElec  .         Dismiss  .     g - +0 cloak
rCorr  .         Reflect  .     (no gloves)
SustAt .         Harm     .     d - +0 pair of boots
MR     .....                    k - amulet of guardian spirit
Stlth  ++........               (no ring)
                                (no ring)

@: slowed, very slow, not resistant to hostile enchantments, unstealthy
A: antennae 2, icy blue scales 1
a: no special abilities


You were on level 2 of the Dungeon.
You were hungry.

You visited 1 branch of the dungeon, and saw 2 of its levels.

You collected 69 gold pieces.

Inventory:

Hand Weapons
 f - a +0 dagger (weapon)
Missiles
 e - 67 stones
 h - 21 sling bullets
 n - 19 arrows
 o - 2 javelins (quivered)
Armour
 a - a +0 robe (worn)
 d - a +0 pair of boots (worn)
 g - a +0 cloak (worn)
 l - a +0 robe
Jewellery
 k - an amulet of guardian spirit (around neck)
Scrolls
 i - a scroll of fog
Books
 b - a book of Necromancy

   Spells                             Type                      Level
   a - Pain                           Necromancy                   1
   b - Animate Skeleton               Necromancy                   1
   c - Vampiric Draining              Necromancy                   3
   d - Regeneration                   Charms/Necromancy            3
   e - Animate Dead                   Necromancy                   4
   f - Control Undead                 Necromancy                   4
Comestibles
 c - 2 bread rations
 j - a meat ration


   Skills:
 + Level 0.2 Fighting
 + Level 0.3 Short Blades
 + Level 0.3 Throwing
 + Level 2.1 Dodging
 + Level 2.1 Stealth
 + Level 2.9 Spellcasting
 + Level 5.1 Necromancy


You had 3 spell levels left.
You knew the following spells:

 Your Spells              Type           Power        Failure   Level  Hunger
a - Pain                  Necr           ###.         2%          1    #......
b - Animate Skeleton      Necr           N/A          2%          1    #......
c - Regeneration          Chrm/Necr      ##........   21%         3    ###....


Dungeon Overview and Level Annotations

Branches:
Dungeon (2/15)

Altars:

Annotations:
D:2 Robin


Innate Abilities, Weirdness & Mutations

You have a pair of antennae on your head.
You are partially covered in icy blue scales. (AC +1)


Message History

* * * LOW HITPOINT WARNING * * *
Robin zaps a wand.
You feel as though you will be slow longer.
Robin zaps a wand.
You feel as though you will be slow longer.
Robin says, "A pitiful Demonspawn like you will never find the ORB!"
Robin zaps a wand.
You resist with some effort.
Robin zaps a wand.
You feel as though you will be slow longer.
Robin zaps a wand.
You resist with some effort. Robin hits you with an enchanted club.
* * * LOW HITPOINT WARNING * * *
Robin zaps a wand.
You resist with some effort.
Robin says, "My goblins will feast on your bones."
You are feeling hungry.
Robin zaps a wand.
You feel as though you will be slow longer.
Robin zaps a wand.
Nothing appears to happen.
Robin hits you with an enchanted club!
You die...

#.#
##########.####
#.............#
#.########.##.#
#.# #.##.# #.#
#.##.# #.#
#.##.# #.#
#.##g# + #.#
#.##@#.# #.#
#.#<...+ #.#
.......#.#.#
#.#
########.#.#
#.# #.# . #.#
#.# ## #.# #..
#.# ### #.#
####


You could see Robin.

Vanquished Creatures
  Jessica (D:2)
  An adder (D:2)
  A dart slug (D:1)
  2 giant geckos (D:1)
  4 bats (D:1)
  A giant cockroach (D:1)
  4 hobgoblins
  2 kobolds (D:1)
  3 giant newts (D:1)
  10 goblins
29 creatures vanquished.

Vanquished Creatures (collateral kills)
  2 oozes (D:1)
  A ball python (D:1)
3 creatures vanquished.

Grand Total: 32 creatures vanquished

Notes
Turn   | Place    | Note
--------------------------------------------------------------
     0 | D:1      | Skanax the Demonspawn Necromancer began the quest for the Orb.
     0 | D:1      | Reached XP level 1. HP: 13/13 MP: 3/3
     4 | D:1      | Learned a level 1 spell: Animate Skeleton
   338 | D:1      | Gained mutation: You are partially covered in icy blue scales. (AC +1) [demonic ancestry]
   338 | D:1      | Reached XP level 2. HP: 15/19 MP: 0/5
   752 | D:1      | Gained mutation: You have a pair of small antennae on your head. [demonic ancestry]
   752 | D:1      | Reached XP level 3. HP: 12/24 MP: 0/6
   757 | D:1      | Learned a level 3 spell: Regeneration
  1043 | D:1      | Reached skill level 5 in Necromancy
  1244 | D:2      | Noticed Jessica
  1271 | D:2      | Killed Jessica
  1271 | D:2      | Gained mutation: You have a pair of antennae on your head. [demonic ancestry]
  1271 | D:2      | Reached XP level 4. HP: 14/30 MP: 1/8
  1394 | D:2      | Noticed Robin
  1479 | D:2      | Slain by Robin

Vault maps used:
D:1:      saegor_arrival_miasma
D:2:      uniq_jessica, uniq_robin, uniq_sigmund

Skill      XL: |  1  2  3 |
---------------+----------+-----
Necromancy     | 5 |  5.1
Dodging        | 2 |  2.1
Stealth        | 2 |  2.1
Fighting       | |  0.2
Short Blades   | |  0.3
Throwing       | |  0.3
Spellcasting   | |  2.9

Action                   |  1- 3 |  4- 6 || total
-------------------------+-------+-------++-------
Melee: Unarmed           |    20 |       ||    20
       Dagger            |    19 |    10 ||    29
Throw: Javelin           |     5 |       ||     5
 Cast: Pain              |    47 |     9 ||    56
       Animate Skeleton  |     6 |     1 ||     7
       Regeneration      |     1 |       ||     1
  Use: Potion            |     3 |       ||     3
       Scroll            |     1 |     1 ||     2
  Eat: Chunk             |     2 |       ||     2
Armor: Robe              |    13 |    11 ||    24
Dodge: Dodged            |    29 |    28 ||    57
